 Dungeon Crawl Stone Soup version 0.23-b1-67-g8bd44de (webtiles) character file.

Game seed: 1539258047704706299

737 bosm the Chucker (level 7, 0/52 HPs)
             Began as a Merfolk Hunter on Feb 5, 2019.
             Slain by a mummy (11 damage)
             ... in an ossuary.
             The game lasted 00:13:52 (3777 turns).

bosm the Chucker (Merfolk Hunter)                   Turns: 3777, Time: 00:13:53

Health: 0/52       AC: 11    Str: 14    XL:     7   Next: 75%
Magic:  7/7        EV:  8    Int: 10    God:
Gold:   168        SH:  4    Dex: 15    Spells: 6/6 levels left

rFire    . . .     SeeInvis .   s - +0 spear
rCold    + . .     Gourm    .   (no shield)
rNeg     . . .     Faith    .   w - +3 chain mail {rC+}
rPois    .         Spirit   .   (no helmet)
rElec    .         Reflect  .   (no cloak)
rCorr    .         Harm     .   (no gloves)
MR       +....                  (no boots)
Stlth    ..........             (no amulet)
HPRegen  0.17/turn              (no ring)
MPRegen  0.10/turn              (no ring)

@: no status effects
A: change form in water, swift swim, stealthy swim, large bone plates 1, magic
resistance 1
a: no special abilities


You were in an ossuary.
You were very hungry.

You visited 1 branch of the dungeon, and saw 5 of its levels.
You also visited: Ossuary.

You collected 168 gold pieces.

Inventory:

Hand Weapons
 a - a +2 short sword of draining
 n - a cursed -3 hunting sling
 s - a +0 spear (weapon)
Missiles
 d - 2 throwing nets (quivered)
 o - 11 sling bullets
Armour
 g - a +0 ring mail
 w - a +3 chain mail of cold resistance (worn)
Wands
 r - a wand of random effects (14)
Scrolls
 b - a scroll of amnesia
 e - a scroll of random uselessness {unknown}
 i - 2 scrolls of magic mapping
 l - a scroll of enchant weapon {unknown}
 m - 2 scrolls of identify
 v - a scroll of remove curse
Potions
 h - 2 potions of curing
 j - a potion of heal wounds
 k - a potion of brilliance
 p - a potion of invisibility
Comestibles
 f - 8 rations


   Skills:
 - Level 3.0 Fighting
 * Level 6.4 Polearms
 * Level 6.7 Throwing
 + Level 5.5 Dodging
 - Level 1.1 Stealth


You had 6 spell levels left.
You didn't know any spells.
Your spell library contained the following spells:

 Spells                   Type           Power        Failure   Level  Hunger
 Animate Skeleton         Necr           N/A          100%        1    ##.....
 Apportation              Tloc           #.....       100%        1    ##.....
 Confusing Touch          Hex            #.....       100%        1    ##.....
 Summon Small Mammal      Summ           #...         100%        1    ##.....


Dungeon Overview and Level Annotations

Branches:
Dungeon (5/15)
 Temple: D:4-7

Altars:
Hepliaklqana
Nemelex Xobeh
Qazlal
Ru
Uskayaw
Zin
The Shining One


Innate Abilities, Weirdness & Mutations

You revert to your normal form in water You are very nimble and swift while swimming.
You are very stealthy in the water. (Stealth+)
You are partially covered in large bone plates. (SH +4)
You are resistant to hostile enchantments. (MR+)


Message History

* * * LOW HITPOINT WARNING * * *
Your chain mail prevents you from hitting the human zombie.
The human zombie is almost destroyed.
The hound zombie bites you but does no damage.
You block the jackal zombie's attack.
The hobgoblin zombie hits you but does no damage.
You closely miss the human zombie.
The human zombie is almost destroyed.
The hound zombie barely misses you. The human zombie barely misses you.
The jackal zombie bites you but does no damage.
Your chain mail prevents you from hitting the human zombie.
The human zombie is almost destroyed.
The hound zombie barely misses you.
You block the hobgoblin zombie's attack.
The jackal zombie bites you but does no damage.
You barely miss the human zombie.
The human zombie is almost destroyed.
The human zombie hits you but does no damage.
The hound zombie closely misses you. The mummy hits you!
You die...

..........∩.......
..........∩.......
..................
..................
..................
.##...............
#.......Z.......
.......ZZZZ......
...(....ZM@Z......
........#####.....
......... .....
....... ....
###### ###


You could see a mummy, a rat zombie, a jackal zombie, a hound zombie, a
hobgoblin zombie, an elf zombie and 2 human zombies.

Vanquished Creatures
  The ghost of RatmanManrat the Basher, an amateur MiBe of Trog (D:3)
  A bullfrog zombie (D:3)
  A hound (D:4)
  An orc priest (D:3)
  A centaur skeleton (D:4)
  A bullfrog skeleton (D:4)
  3 iguanas (D:4)
  An orc wizard (D:3)
  Jessica (D:2)
  Natasha (thrice) (D:2)
  A worker ant (D:4)
  A hound zombie (Ossuary)
  4 adders
  An adder skeleton (D:4)
  2 adder zombies
  3 worms
  2 dart slugs (D:1)
  A leopard gecko (D:2)
  11 orcs
  7 bats
  A giant cockroach (D:3)
  5 goblins
  8 hobgoblins
  6 jackals
  A quokka (D:2)
  2 ball pythons
  3 frilled lizards
  A goblin zombie (Ossuary)
  6 kobolds
  A kobold zombie (Ossuary)
  An orc zombie (Ossuary)
  11 rats
93 creatures vanquished.

Notes
Turn   | Place    | Note
-------+----------+-------------------------------------------
     0 | D:1      | bosm the Merfolk Hunter began the quest for the Orb.
     0 | D:1      | Reached XP level 1. HP: 16/16 MP: 1/1
    91 | D:1      | Reached XP level 2. HP: 19/23 MP: 2/2
   672 | D:2      | Found a sparkling altar of Nemelex Xobeh.
   677 | D:2      | Reached XP level 3. HP: 27/28 MP: 3/3
  1005 | D:2      | Noticed Jessica
  1018 | D:2      | Killed Jessica
  1018 | D:2      | Reached XP level 4. HP: 30/35 MP: 4/4
  1180 | D:2      | Noticed Natasha
  1188 | D:2      | Killed Natasha
  1188 | D:2      | Reached skill level 1 in Polearms
  1188 | D:2      | Reached skill level 5 in Throwing
  1273 | D:2      | Noticed Natasha
  1275 | D:2      | Killed Natasha
  1448 | D:2      | Noticed Natasha
  1453 | D:2      | Killed Natasha
  1453 | D:2      | Reached XP level 5. HP: 41/41 MP: 5/5
  1678 | D:3      | Found a runed translucent gate.
  1687 | D:3      | Found a runed translucent gate.
  1688 | D:3      | Found a runed translucent gate.
  2069 | D:3      | Reached XP level 6. HP: 47/47 MP: 6/6
  2086 | D:3      | Noticed RatmanManrat's ghost (amateur MiBe)
  2481 | D:3      | Gained mutation: You are partially covered in large bone
                  | plates. (SH +4) [potion of mutation]
  2481 | D:3      | Gained mutation: You are resistant to hostile enchantments.
                  | (MR+) [potion of mutation]
  2513 | D:3      | Killed RatmanManrat's ghost
  2513 | D:3      | Reached skill level 5 in Polearms
  2513 | D:3      | Reached XP level 7. HP: 52/52 MP: 7/7
  2532 | D:3      | Reached skill level 5 in Dodging
  3234 | D:4      | Found a sacrificial altar of Ru.
  3234 | D:4      | Found a glowing golden altar of the Shining One.
  3337 | D:4      | Found a stormy altar of Qazlal.
  3340 | D:4      | Found a hazy altar of Hepliaklqana.
  3343 | D:4      | Found a hide-covered altar of Uskayaw.
  3346 | D:4      | Found a glowing silver altar of Zin.
  3687 | D:5      | Entered Level 5 of the Dungeon
  3714 | D:5      | Found a sand-covered staircase.
  3724 | Ossuary  | Entered an ossuary
  3777 | Ossuary  | Slain by a mummy

Skill      XL: |  1  2  3  4  5  6  7 |
---------------+----------------------+-----
Dodging        | 3 4 5 |  5.5
Fighting       | 3 |  3.0
Polearms       | 2 3 5 6 |  6.4
Throwing       | 5 6 |  6.7
Stealth        | |  1.1

Action                   |  1- 3 |  4- 6 |  7- 9 || total
-------------------------+-------+-------+-------++-------
Melee: Short sword       |    80 |   120 |   117 ||   317
       Spear             |       |       |    21 ||    21
Throw: Javelin           |     4 |    16 |    16 ||    36
       Tomahawk          |       |       |     7 ||     7
  Use: Potion            |       |     8 |     1 ||     9
       Scroll            |       |     7 |     1 ||     8
 Stab: Invisible         |       |     5 |     1 ||     6
  Eat: Chunk             |       |     5 |     3 ||     8
Armor: Ring mail         |    32 |    21 |       ||    53
       Skin              |       |    20 |     9 ||    29
       Chain mail        |       |       |   139 ||   139
Dodge: Dodged            |    52 |    66 |   110 ||   228
Block: Other             |       |       |    43 ||    43
